 Dungeon Crawl Stone Soup version 0.20.0-10-g0535bb4 (webtiles) character file.

1033 Fenrisulfr the Cleaver (level 8, -2/64 HPs)
             Began as a Hill Orc Monk on June 5, 2017.
             Was a Believer of Qazlal.
             Slain by a sky beast (6 damage)
             ... on level 5 of the Dungeon.
             The game lasted 00:14:02 (3751 turns).

Fenrisulfr the Cleaver (Hill Orc Monk)              Turns: 3751, Time: 00:14:04

Health: -2/64      AC: 10    Str: 13 (16) XL:     8   Next: 24%
Magic:  11/11      EV: 11    Int:  7 (10) God:    Qazlal [**....]
Gold:   236        SH:  3    Dex: 12 (13) Spells: 7/7 levels left

rFire    . . .     SeeInvis .   p - +2 war axe (flame)
rCold    + + .     Gourm    .   (no shield)
rNeg     . . .     Faith    .   h - +3 ring mail
rPois    .         Spirit   .   t - +0 helmet
rElec    .         Reflect  .   (no cloak)
rCorr    .         Harm     .   x - +0 pair of gloves
MR       .....                  (no boots)
Stlth    +.........             (no amulet)
Regen    0.2/turn               g - ring of protection from cold
MPRegen  0.2/turn               (no ring)

@: no status effects
A: cold resistance 1, deterioration 1
a: Upheaval, Renounce Religion


You were on level 5 of the Dungeon.
You worshipped Qazlal.
Qazlal was pleased with you.
You were not hungry.

You visited 2 branches of the dungeon, and saw 6 of its levels.

You collected 236 gold pieces.

Inventory:

Hand Weapons
 d - a +0 dagger of electrocution
 p - a +2 war axe of flaming (weapon)
Armour
 h - a +3 ring mail (worn)
 t - a +0 helmet (worn)
 x - a +0 pair of gloves (worn)
Jewellery
 g - a ring of protection from cold (left hand)
 i - a +2 ring of evasion {unknown}
Scrolls
 b - a scroll of blinking {unknown}
 j - 3 scrolls of teleportation {unknown}
 k - 3 scrolls of remove curse {unknown}
 m - a scroll of random uselessness {unknown}
 n - 4 scrolls of enchant armour {unknown}
 r - 2 scrolls of identify
 s - a scroll of magic mapping {unknown}
 w - a scroll of recharging {unknown}
Potions
 o - 2 potions of lignification
 u - a potion of resistance {unknown}
Books
 y - a book of Maledictions

   Spells                             Type                      Level
   a - Corona                         Hexes                        1
   b - Ensorcelled Hibernation        Hexes/Ice                    2
   c - Confuse                        Hexes                        3
   d - Tukima's Dance                 Hexes                        3
   e - Dazzling Spray                 Conjuration/Hexes            3
Comestibles
 a - 2 chunks of flesh
 c - 5 bread rations
 f - a meat ration


   Skills:
 - Level 3.6 Fighting
 * Level 11.8 Axes
 - Level 2.4 Dodging
 - Level 1.5 Stealth
 + Level 4.0 Invocations


You had 7 spell levels left.
You didn't know any spells.

Dungeon Overview and Level Annotations

Branches:
Dungeon (5/15)             Temple (1/1) D:4

Altars:
Ashenzari
Cheibriados
Dithmenos
Elyvilon
Fedhas
Gozag
Hepliaklqana
Kikubaaqudgha
Makhleb
Nemelex Xobeh
Okawaru
Qazlal
Ru
Sif Muna
Trog
Uskayaw
Vehumet
Xom
Yredelemnul
Zin
The Shining One


Innate Abilities, Weirdness & Mutations

Your flesh is cold resistant. (rC+)
Your body sometimes deteriorates upon taking damage.


Message History

Reactivating autopickup.
The sky beast flickers out of sight!
Deactivating autopickup; reactivate with Ctrl-A.
A sky beast appears from thin air!
Reactivating autopickup.
Okay, then.
There is a stone staircase leading up here.
It was a potion of mutation.
You feel extremely strange.
You feel clever.
Your thinking seems confused.
You feel yourself wasting away.
You feel resistant to cold.
The sky beast hits you but does no damage.
A water moccasin skeleton comes into view.
It was a potion of cancellation.
Your magical effects are unravelling.
You feel magically purged.
You feel a little less clever now. The sky beast hits you.
* * * LOW HITPOINT WARNING * * *
The sky beast shocks you.
You die...

.)....##.# ##..>.......
$........####...#####..
.#†#..........#..## .#
##w###..########..###.####
#.# #..# ##.........
##.###..##### #.........
...≈.w..w...######........
...###..###...<###........
#..# #.## ####.Y@.........
##.##... ####....Z<...
#..##### ###.###### ##. .#
# .# .# .# .#


You could see a sky beast and a water moccasin skeleton.

Vanquished Creatures
  Sigmund (D:2)
  A sky beast (D:3)
  A phantom (D:5)
  An ogre (D:5)
  A centaur (D:3)
  A scorpion (D:5)
  A howler monkey (D:5)
  A bullfrog zombie (D:5)
  A hound (D:5)
  An orc wizard (D:3)
  An orc priest (D:4)
  Jessica (D:3)
  5 worker ants
  Robin (D:3)
  5 adders
  2 oozes
  2 worms
  2 dart slugs
  6 leopard geckos
  16 orcs
  A giant cockroach (D:1)
  13 goblins
  14 hobgoblins
  3 jackals (D:4)
  4 kobolds
  2 quokkas
  3 ball pythons
  6 bats
  11 frilled lizards
  A quokka skeleton (D:4)
  8 rats
117 creatures vanquished.

Notes
Turn   | Place    | Note
-------+----------+-------------------------------------------
     0 | D:1      | Fenrisulfr the Hill Orc Monk began the quest for the Orb.
     0 | D:1      | Reached XP level 1. HP: 19/19 MP: 1/1
   114 | D:1      | Reached XP level 2. HP: 23/26 MP: 2/2
   223 | D:1      | Reached skill level 5 in Axes
   506 | D:1      | Reached XP level 3. HP: 29/31 MP: 3/3
  1121 | D:2      | Reached skill level 6 in Axes
  1263 | D:2      | Reached XP level 4. HP: 25/39 MP: 4/4
  1534 | D:2      | Noticed Sigmund
  1560 | D:2      | Killed Sigmund
  1560 | D:2      | Reached skill level 8 in Axes
  1560 | D:2      | Reached XP level 5. HP: 38/45 MP: 5/5
  1560 | D:2      | Reached XP level 6. HP: 44/51 MP: 6/6
  1599 | D:2      | Found a bloodstained altar of Trog.
  1602 | D:2      | Found a sparkling altar of Nemelex Xobeh.
  1603 | D:2      | Found a burning altar of Makhleb.
  1613 | D:2      | Found an ancient bone altar of Kikubaaqudgha.
  1616 | D:2      | Found a deep blue altar of Sif Muna.
  1828 | D:3      | Noticed Jessica
  1862 | D:3      | Killed Jessica
  1956 | D:3      | Reached skill level 9 in Axes
  1998 | D:3      | Noticed Robin
  2032 | D:3      | Killed Robin
  2282 | D:3      | Reached skill level 10 in Axes
  2282 | D:3      | Reached XP level 7. HP: 35/57 MP: 7/7
  2810 | D:3      | Gained mutation: You are dopey. (Int -2) [mutagenic meat]
  2811 | D:3      | Gained mutation: You possess an exceptional clarity of mind. [mutagenic meat]
  2897 | D:4      | Found a staircase to the Ecumenical Temple.
  2921 | Temple   | Entered the Ecumenical Temple
  3021 | Temple   | Became a worshipper of Qazlal Stormbringer
  3021 | Temple   | Reached * piety under Qazlal
  3021 | Temple   | Reached ** piety under Qazlal
  3170 | D:4      | Reached skill level 1 in Invocations
  3523 | D:4      | Reached skill level 11 in Axes
  3566 | D:4      | Found an opulent altar of Gozag.
  3628 | D:5      | Entered Level 5 of the Dungeon
  3681 | D:5      | Reached XP level 8. HP: 46/64 MP: 10/10
  3734 | D:5      | HP: 2/64 [something (6)]
  3749 | D:5      | Lost mutation: You are dopey. (Int -2) [potion of mutation]
  3749 | D:5      | Lost mutation: You possess an exceptional clarity of mind. [potion of mutation]
  3749 | D:5      | Gained mutation: Your body sometimes deteriorates upon taking damage. [potion of mutation]
  3749 | D:5      | Gained mutation: Your flesh is cold resistant. (rC+) [potion of mutation]
  3751 | D:5      | Slain by a sky beast

Skill      XL: |  1  2  3  4  5  6  7  8 |
---------------+-------------------------+-----
Axes           | 5 6 8 10 11 | 11.8
Invocations    | 3 4 |  4.0
Fighting       | |  3.6
Dodging        | |  2.4
Stealth        | |  1.5

Action                   |  1- 3 |  4- 6 |  7- 9 || total
-------------------------+-------+-------+-------++-------
Melee: Hand axe          |    40 |       |       ||    40
       Dagger            |    73 |   200 |    63 ||   336
       War axe           |       |       |   113 ||   113
  Use: Scroll            |     1 |       |       ||     1
       Potion            |       |     1 |     7 ||     8
 Stab: Sleeping          |     2 |     1 |       ||     3
  Eat: Chunk             |     1 |     4 |     7 ||    12
Armor: Robe              |     5 |       |       ||     5
       Ring mail         |    32 |    99 |    67 ||   198
       Skin              |       |       |    11 ||    11
Dodge: Dodged            |    70 |   118 |    55 ||   243
Block: Other             |       |       |     5 ||     5
